 Dungeon Crawl Stone Soup version 0.25-a0-523-g9afb2ee040 (webtiles) character file.

Game seed: 11010330147098840224, levelgen mode: classic

87411 EnegeticOcto the Cleaver (level 15, 93/146 HPs)
             Began as a Deep Dwarf Fighter on Feb 18, 2020.
             Was the Champion of Makhleb.
             Quit the game on level 3 of the Lair of Beasts.
             The game lasted 00:13:07 (13999 turns).

EnegeticOcto the Cleaver (Deep Dwarf Fighter)      Turns: 13999, Time: 00:13:07

Health: 93/146     AC: 22    Str: 26    XL:     15   Next: 43%
Magic:  0/0        EV: 11    Int: 22    God:    Makhleb [******]
Gold:   699        SH: 25    Dex: 16    Spells: 14/14 levels left

rFire    + + .     SeeInvis .   f - +7 hand axe of Doom {pain, +Fly Dex+4}
rCold    . . .     Gourm    .   b - +5 tower shield of a Thousand Suns {-Tele rElec Int+6}
rNeg     + . .     Faith    .   z - +1 plate armour {rF+}
rPois    .         Spirit   .   (no helmet)
rElec    +         Reflect  .   M - +0 cloak
rCorr    .         Harm     +   c - +2 pair of gloves "Wer Qat" {rF+ Int+7}
MR       +++..     NoTele   +   G - +0 pair of boots
Stlth    ..........             q - amulet of harm
HPRegen  0.00/turn              s - +1 ring of slaying
MPRegen  0.07/turn              p - ring of protection from magic

@: non-regenerating
A: damage resistance, heal wounds, negative energy resistance 1, sense
surroundings 2, no regeneration
a: Heal Wounds, Minor Destruction, Lesser Servant of Makhleb, Major Destruction,
Greater Servant of Makhleb, Renounce Religion, Evoke Flight


You were on level 3 of the Lair of Beasts.
You worshipped Makhleb.
Makhleb was exalted by your worship.
You were near starving.

You visited 4 branches of the dungeon, and saw 21 of its levels.
You also visited: Ice Cave.

You collected 2435 gold pieces.
You spent 1736 gold pieces at shops.

Inventory:

Hand Weapons
 f - the +7 hand axe of Doom (weapon) {pain, +Fly Dex+4}
   (You found it on level 5 of the Dungeon)

   In the hands of one skilled in necromantic magic, it inflicts extra damage on
   living creatures.
   It affects your dexterity (+4).
   It lets you fly.
Armour
 b - the +5 tower shield of a Thousand Suns (worn) {-Tele rElec Int+6}
   (You bought it in a shop on level 12 of the Dungeon)

   It affects your intelligence (+6).
   It insulates you from electricity.
   It prevents most forms of teleportation.
 c - the +2 pair of gloves "Wer Qat" (worn) {rF+ Int+7}
   (You bought it in a shop on level 12 of the Dungeon)

   It affects your intelligence (+7).
   It protects you from fire.
   If you remove this armour, your AC will decrease by 3 (22 -> 19).
 z - a +1 plate armour of fire resistance (worn)
 G - a +0 pair of boots (worn)
 M - a +0 cloak (worn)
Jewellery
 p - a ring of protection from magic (right hand)
 q - an amulet of harm (around neck)
 s - a +1 ring of slaying (left hand)
Wands
 a - a wand of enslavement (13)
 i - a wand of polymorph (10)
 y - a wand of flame (28)
 D - a wand of disintegration (20)
 E - a wand of paralysis (3)
 J - a wand of iceblast (8)
 O - a wand of digging (3) {@V2}
Scrolls
 d - 4 scrolls of identify {@r1}
 g - 8 scrolls of remove curse {@r6}
 l - a scroll of silence
 m - a scroll of fog
 n - 4 scrolls of magic mapping {@r5}
 u - 8 scrolls of teleportation {@r2}
Potions
 h - 8 potions of curing {@q1}
 j - 2 potions of stabbing {@q5}
 k - 4 potions of might {@q3}
 t - 2 potions of heal wounds {@q2}
 v - a potion of magic
 x - 2 potions of cancellation
 A - a potion of invisibility
 C - 6 potions of berserk rage
 H - a potion of lignification {@q7}
Comestibles
 e - 32 rations


   Skills:
 * Level 12.7 Fighting
 * Level 14.8 Axes
 + Level 11.1 Armour
 + Level 10.6 Dodging
 * Level 13.0 Shields
 + Level 12.0 Invocations


You had 14 spell levels left.
You didn't know any spells.
Your spell library contained the following spells:

 Spells                   Type           Power        Failure   Level  Hunger
 Animate Skeleton         Necr           N/A          100%        1    ##.....
 Apportation              Tloc           #.....       100%        1    ##.....
 Corona                   Hex            #......      100%        1    ##.....
 Magic Dart               Conj           #...         100%        1    ##.....
 Shock                    Conj/Air       #...         100%        1    ##.....
 Sting                    Tmut/Pois      #...         100%        1    ##.....
 Summon Small Mammal      Summ           #...         100%        1    ##.....
 Blink                    Tloc           N/A          100%        2    ###....
 Call Imp                 Summ           #.......     100%        2    ###....
 Ensorcelled Hibernation  Hex/Ice        #.....       100%        2    ###....
 Poisonous Vapours        Pois/Air       #.....       100%        2    ###....
 Slow                     Hex            #.......     100%        2    ###....
 Swiftness                Chrm/Air       #.......     100%        2    ###....
 Call Canine Familiar     Summ           #.......     100%        3    ####...
 Confusing Touch          Hex            #.......     100%        3    ####...
 Conjure Flame            Conj/Fire      #.......     100%        3    ####...
 Dazzling Flash           Conj/Hex       #.....       100%        3    ####...
 Ignite Poison            Fire/Tmut/Pois #.......     100%        3    ####...
 Mephitic Cloud           Conj/Pois/Air  #.......     100%        3    ####...
 Static Discharge         Conj/Air       #.......     100%        3    ####...
 Summon Guardian Golem    Hex/Summ       #.......     100%        3    ####...
 Tukima's Dance           Hex            #.......     100%        3    ####...
 Airstrike                Air            #.........   100%        4    #####..
 Ice Form                 Ice/Tmut       #.......     100%        4    #####..
 Olgreb's Toxic Radiance  Pois           #.......     100%        4    #####..
 Summon Ice Beast         Ice/Summ       #.......     100%        4    #####..
 Summon Lightning Spire   Summ/Air       #.......     100%        4    #####..
 Fireball                 Conj/Fire      #.........   100%        5    ######.
 Lightning Bolt           Conj/Air       #.........   100%        5    ######.
 Metabolic Englaciation   Hex/Ice        #.........   100%        5    ######.
 Freezing Cloud           Conj/Ice/Air   #.........   100%        6    #######
 Ozocubu's Refrigeration  Ice            #.........   100%        6    #######
 Simulacrum               Ice/Necr       #.........   100%        6    #######
 Starburst                Conj/Fire      #.........   100%        6    #######
 Ring of Flames           Chrm/Fire      #.........   100%        7    #######
 Ignition                 Fire           #.........   100%        8    #######


Dungeon Overview and Level Annotations

Branches:
Dungeon (15/15)            Temple (1/1) D:4            Lair (3/6) D:9
 Spider (0/4) Lair:2          Orc (2/2) D:12            Elf (0/3) Orc:2
 Vaults (0/5) D:13         Depths (0/5) D:15          IceCv (visited)
  Swamp: Lair:2-4    Shoals: Lair:2-4

Altars:
Cheibriados
Gozag
Makhleb
Okawaru
Ru
Trog
Uskayaw
Vehumet
Xom
Zin
The Shining One
Beogh

Shops:
D:12 [   Orc:1 [*:(*   Orc:2 }[[}

Portals:
Trove: D:14 (give +3 storm dragon scales)

Annotations:
D:5 exclusion: statue
D:13 exclusion: 3 ice statues
Lair:3 exclusion: 4 oklob plants


Innate Abilities, Weirdness & Mutations

You are resistant to damage.
You can heal yourself by infusing magical energy.
You resist negative energy. (rN+)
You passively map the area around you.
You do not regenerate.


Message History

Evoke which item? (* to show all) (? for menu, Esc to quit)
Aiming: Iceblast
Press: ? - help, Shift-Dir - straight line, f/p - 19-headed hydra
Aim: a 19-headed hydra (almost dead) That beam is likely to hit you.
Continue anyway?
The mass of ice explodes!
The iceblast engulfs the 19-headed hydra!!
You kill the 19-headed hydra!
Makhleb accepts your kill.
You feel better.
Your Shields skill increases to level 13!
The iceblast engulfs you.
Evoke which item? (* to show all) (? for menu, Esc to quit)
Aiming: Iceblast
Press: ? - help, Shift-Dir - straight line, f - you That beam is likely to hit you.
Continue anyway?
The mass of ice explodes!
The iceblast engulfs you.
Found a ring mail.
You see here a hydra corpse.
You now have 688 gold pieces (gained 18).
You pick your way through the web.
There is a web here.
You are feeling very hungry.
You are caught in the web!
There is a web here.
You disentangle yourself.
There is a hole to the Spider Nest here.
You enter the shallow water.
Moving in this stuff is going to be slow.
There is a stone staircase leading down here.
You are caught in the web!
There is a web here.
You struggle to detach yourself from the web.
You disentangle yourself.
Done exploring.
Done exploring.
Done exploring.
Done exploring.
Done exploring.
Done exploring.
Done exploring.
Done exploring.
Done exploring.
Done exploring.
Done exploring.
Your magical essence is drained by the effort!
You feel much better.
Done exploring.
Done exploring.
(D) Dungeon (T) Temple (L) Lair (N) Spider Nest (O) Orcish Mines (E) Elven Halls (V) Vaults (U) Depths
Where to? (Enter - Lair:2, ? - help)
You enter the shallow water.
Moving in this stuff is going to be slow.
There is a stone staircase leading down here.
You climb downwards.
Found 11 gold pieces, a scroll of teleportation and a quarterstaff.
There is a stone staircase leading up here.
You are near starving!
You now have 699 gold pieces (gained 11).
An oklob plant comes into view.
Marking area around an oklob plant as unsafe for travelling.
Found a curved smoking staff and a wand of iceblast (6).
An oklob plant is nearby!
An oklob plant is nearby!
A bullfrog comes into view.
The bullfrog croaks.
You hear a bellow! x2
A yak comes into view.
You hear a bellow!
Found a dyed leather armour, 40 gold pieces and a hunting sling.
A steam dragon and 2 oklob plants come into view.
The steam dragon hisses angrily.
Marking area around 2 oklob plants as unsafe for travelling.
An oklob plant comes into view.
The steam dragon breathes steam at you.
The ball of steam hits the plant!
The ball of steam misses you.
The plant is engulfed in a cloud of scalding steam. x3
Found 20 gold pieces.
You slash the plant!
The plant is moderately damaged.
You hit the plant but do no damage. You slash the plant!
The plant is engulfed in a cloud of scalding steam. x2
The bullfrog is engulfed in a cloud of scalding steam.
You slash the plant!
The plant is severely damaged.
You hit the plant. You hit the plant but do no damage. You hit the bullfrog.
The plant is engulfed in a cloud of scalding steam. x2
The bullfrog hits you but does no damage.
You slash the plant!
The plant is moderately damaged.
You hit the plant.
Your plate armour prevents you from hitting the bullfrog.
You slash the plant!
You destroy the plant!
The plant is engulfed in a cloud of scalding steam.
The bullfrog is engulfed in a cloud of scalding steam.
You block the bullfrog's attack.
Marking area around an oklob plant as unsafe for travelling.
Found 13 gold pieces.
Are you sure you want to abandon this character and quit the game? (Confirm with "yes".)

, , * #.### ....#
## * #...##.#### ,
#######...........
#.P)P/P..........Y
,,
#$.$?.P...........
,,
#PP.§.D...........
*
#..$.)P@F...?....,
, #$.§|.P......PP#
,* ,
#######.....#### ,
#.#.....P# **
*#.......# , ,,,
##.....P#
#.......## ,
#...<..PP####.
##............*


You could see 4 oklob plants, a steam dragon and a bullfrog.

Vanquished Creatures
  Kirke (D:12)
  2 orc warlords (Orc:1)
  Azrael (D:15)
  A fire dragon (D:15)
  An ogre mage (Orc:2)
  4 hydras
  2 rakshasas (D:15)
  8 vault guards (D:13)
  9 two-headed ogres
  Erica (D:8)
  3 centaur warriors
  2 tengu warriors (D:15)
  2 orc high priests
  3 skeletal warriors (D:13)
  An unseen horror (D:11)
  A glowing orange brain (D:15)
  2 deep trolls (Orc:2)
  4 deep elf magi
  2 orc sorcerers
  An orc knight (Orc:1)
  7 ugly things
  10 cyclopes
  A manticore (D:15)
  2 ice statues
  A gargoyle (D:11)
  3 centaur skeletons
  Joseph (D:8)
  2 kobold demonologists
  A spiny frog (Lair:2)
  3 efreet
  2 rime drakes (IceCv)
  A komodo dragon (shapeshifter) (D:15)
  16 trolls
  17 polar bears
  2 tengu conjurers
  Grinder (D:3)
  7 slime creatures
  4 hippogriffs
  4 blink frogs (Lair:2)
  A centaur simulacrum (D:15)
  A shadow (D:15)
  2 vampires
  35 yaks
  A tarantella (Lair:2)
  3 fire elementals (D:15)
  5 hogs (D:12)
  A human (shapeshifter) (D:15)
  4 wraiths (D:14)
  3 wyverns
  2 hungry ghosts
  8 vampire mosquitoes
  2 basilisks
  13 wargs
  3 soldier ants
  An acid dragon (D:14)
  3 water moccasins
  A hell hound (D:15)
  A floating eye (shapeshifter) (D:15)
  A porcupine (Lair:1)
  19 ice beasts
  A necrophage (D:9)
  29 orc warriors
  2 eyes of draining
  A phantom (D:11)
  4 sky beasts
  A black bear (D:8)
  21 ogres
  15 wolves (IceCv)
  12 centaurs
  7 crocodiles
  2 big kobolds
  2 wyvern zombies
  16 bullfrogs
  7 scorpions
  14 killer bees
  7 wights
  3 electric eels
  4 howler monkeys
  8 crimson imps
  5 bullfrog zombies
  A quasit (D:8)
  6 centaur zombies
  17 orc priests
  9 hounds
  4 jellies
  A bullfrog skeleton (D:5)
  24 orc wizards
  4 iguanas
  10 worker ants
  3 gnolls (D:10)
  8 adders
  3 shadow imps
  14 white imps (D:15)
  An adder skeleton (D:7)
  An adder zombie (D:5)
  A worm (D:14)
  3 dart slugs
  5 leopard geckos
  87 orcs
  A bat (D:1)
  4 giant cockroaches
  4 goblins
  2 hobgoblins
  4 jackals (D:7)
  3 quokkas
  A ball python (D:3)
  5 frilled lizards
  17 kobolds
  2 rats
  A fungus (Lair:2)
  A plant (Lair:3)
654 creatures vanquished.

Vanquished Creatures (collateral kills)
  A frost giant (IceCv)
  An orc warlord (Orc:1)
  An ogre mage (Orc:2)
  A hydra (D:14)
  A tengu warrior (D:14)
  A two-headed ogre (Orc:2)
  2 skeletal warriors (D:13)
  2 trolls (Orc:2)
  A warg (Orc:2)
  5 ogres (Orc:2)
  2 orc warriors (Orc:2)
  5 orcs
23 creatures vanquished.

Vanquished Creatures (others)
  A polar bear (IceCv)
  A yak (IceCv)
  A water elemental (D:15)
3 creatures vanquished.

Grand Total: 680 creatures vanquished

Notes
Turn   | Place    | Note
-------+----------+-------------------------------------------
     0 | D:1      | EnegeticOcto the Deep Dwarf Fighter began the quest for the
                  | Orb.
     0 | D:1      | Reached XP level 1. HP: 20/20 MP: 1/1
    82 | D:1      | Reached XP level 2. HP: 24/27 MP: 2/2
   207 | D:3      | Noticed Grinder
   209 | D:3      | Paralysed by Grinder for 6 turns
   222 | D:3      | Paralysed by Grinder for 3 turns
   233 | D:3      | Killed Grinder
   233 | D:3      | Reached skill level 3 in Axes
   233 | D:3      | Reached XP level 3. HP: 24/36 MP: 3/3
   233 | D:3      | Reached XP level 4. HP: 30/44 MP: 4/4
   233 | D:3      | Reached XP level 5. HP: 34/50 MP: 5/5
   253 | D:3      | Reached skill level 4 in Axes
   286 | D:4      | Reached XP level 6. HP: 36/57 MP: 6/6
   670 | D:4      | Found a staircase to the Ecumenical Temple.
   781 | Temple   | Entered the Ecumenical Temple
   805 | Temple   | Became a worshipper of Makhleb the Destroyer
   949 | D:5      | Entered Level 5 of the Dungeon
   968 | D:5      | Noticed an ice beast
   979 | D:5      | Killed an ice beast
   979 | D:5      | Reached skill level 1 in Invocations
   979 | D:5      | Reached XP level 7. HP: 51/66 MP: 6/6
   992 | D:5      | Got an ancient hand axe
   993 | D:5      | Identified the +7 hand axe of Doom {pain, +Fly Dex+4} (You
                  | found it on level 5 of the Dungeon)
  1047 | D:5      | Reached skill level 5 in Axes
  1269 | D:5      | Found a radiant altar of Vehumet.
  1733 | D:6      | Reached skill level 5 in Fighting
  1745 | D:6      | Found a sacrificial altar of Ru.
  1967 | D:7      | Reached * piety under Makhleb
  1967 | D:7      | Reached XP level 8. HP: 51/74 MP: 8/8
  2096 | D:7      | Reached skill level 5 in Armour
  2096 | D:7      | Reached skill level 5 in Shields
  2136 | D:7      | Reached skill level 6 in Axes
  2159 | D:7      | Found a hide-covered altar of Uskayaw.
  2846 | D:8      | Noticed Erica
  2863 | D:8      | Killed Erica
  2863 | D:8      | Reached skill level 7 in Axes
  2863 | D:8      | Gained mutation: You passively map the area around you.
                  | [Deep Dwarf growth]
  2863 | D:8      | Reached XP level 9. HP: 59/82 MP: 9/11
  3062 | D:8      | Noticed Joseph
  3072 | D:8      | Killed Joseph
  3322 | D:9      | Reached skill level 8 in Axes
  3322 | D:9      | Reached skill level 5 in Dodging
  3322 | D:9      | Reached skill level 5 in Invocations
  3348 | D:9      | Reached ** piety under Makhleb
  3489 | D:9      | Found a staircase to the Lair.
  3566 | D:9      | Reached XP level 10. HP: 60/94 MP: 12/12
  3941 | D:10     | Entered Level 10 of the Dungeon
  3980 | D:10     | Reached skill level 9 in Axes
  4009 | D:10     | Noticed a cyclops
  4027 | D:10     | Killed a cyclops
  4131 | D:10     | Reached *** piety under Makhleb
  4183 | D:10     | Noticed a two-headed ogre
  4197 | D:10     | Killed a two-headed ogre
  4471 | D:11     | Noticed a gargoyle
  4486 | D:11     | Killed a gargoyle
  4535 | D:11     | Reached XP level 11. HP: 72/104 MP: 11/11
  4725 | D:11     | Noticed a five-headed hydra
  4744 | D:11     | Killed an eight-headed hydra
  4744 | D:11     | Reached skill level 10 in Axes
  5009 | D:11     | Noticed a deep elf mage
  5009 | D:11     | Noticed a deep elf mage
  5018 | D:11     | Killed a deep elf mage
  5021 | D:11     | Noticed a sixfirhy
  5026 | D:11     | Killed a deep elf mage
  5153 | D:11     | Reached **** piety under Makhleb
  5190 | D:11     | Noticed a deep elf mage
  5194 | D:11     | Noticed a purple ugly thing
  5207 | D:11     | Noticed a sixfirhy
  5217 | D:11     | Killed an unseen horror
  5229 | D:11     | Killed a purple ugly thing
  5230 | D:11     | Noticed a soul eater
  5247 | D:11     | Noticed a sixfirhy
  5269 | D:11     | Killed a deep elf mage
  5294 | D:11     | Noticed a soul eater
  5812 | D:12     | Reached skill level 11 in Axes
  5916 | D:12     | Found Boreibb's Armour Boutique.
  5931 | D:12     | Noticed a seven-headed hydra
  5936 | D:12     | Killed a seven-headed hydra
  5936 | D:12     | Reached XP level 12. HP: 68/115 MP: 11/11
  5987 | D:12     | Reached ***** piety under Makhleb
  6046 | D:12     | Noticed Kirke
  6074 | D:12     | Killed Kirke
  6163 | D:12     | Found a staircase to the Orcish Mines.
  6215 | Orc:1    | Entered Level 1 of the Orcish Mines
  6281 | Orc:2    | Entered Level 2 of the Orcish Mines
  6282 | Orc:2    | Noticed an orc high priest
  6290 | Orc:2    | Reached skill level 10 in Fighting
  6298 | Orc:2    | Killed an orc high priest
  6334 | Orc:2    | Found a roughly hewn altar of Beogh.
  6346 | Orc:2    | Found a staircase to the Elven Halls.
  6570 | Orc:2    | Found Ihuce's Gadget Boutique.
  6573 | Orc:2    | Noticed a two-headed ogre
  6574 | Orc:2    | Noticed an ogre mage
  6574 | Orc:2    | Noticed a two-headed ogre
  6575 | Orc:2    | Found Efoethrai's Antique Armour Shop.
  6575 | Orc:2    | Noticed a two-headed ogre
  6575 | Orc:2    | Noticed a two-headed ogre
  6575 | Orc:2    | Noticed a two-headed ogre
  6583 | Orc:2    | Noticed a two-headed ogre
  6589 | Orc:2    | Noticed a two-headed ogre
  6608 | Orc:2    | Killed a two-headed ogre
  6608 | Orc:2    | Reached skill level 12 in Axes
  6620 | Orc:2    | Killed a two-headed ogre
  6634 | Orc:2    | Killed a two-headed ogre
  6635 | Orc:2    | Killed a two-headed ogre
  6636 | Orc:2    | Killed a two-headed ogre
  6645 | Orc:2    | Killed an ogre mage
  6646 | Orc:2    | Killed a two-headed ogre
  6646 | Orc:2    | Reached XP level 13. HP: 102/124 MP: 12/12
  6672 | Orc:2    | Reached skill level 10 in Shields
  6684 | Orc:2    | Found Xympozaj's Antique Armour Emporium.
  6692 | Orc:2    | Found Isosumomn's Gadget Boutique.
  7198 | D:12     | Bought the +5 tower shield of a Thousand Suns {-Tele rElec
                  | Int+6} for 656 gold pieces
  7568 | D:13     | Reached skill level 10 in Invocations
  7772 | D:13     | Got a bound pewter amulet
  7838 | D:13     | HP: 2/127 [ice statue/bolt of cold (43)]
  7927 | D:13     | Reached skill level 13 in Axes
  7980 | D:13     | Reached ****** piety under Makhleb
  8198 | D:13     | Found a gate to the Vaults.
  8251 | D:13     | Reached skill level 10 in Armour
  8542 | D:14     | Found a portal to a secret trove of treasure.
  8581 | D:14     | Gained mutation: You resist negative energy. (rN+) [Deep
                  | Dwarf growth]
  8581 | D:14     | Reached XP level 14. HP: 135/135 MP: 9/9
  9479 | D:14     | Identified the amulet of Pacwas {Inacc Str+4} (You found it
                  | on level 13 of the Dungeon)
  9534 | D:15     | Entered Level 15 of the Dungeon
 10066 | D:15     | Reached skill level 14 in Axes
 10076 | D:15     | Found a frozen archway.
 10087 | IceCv    | Entered an ice cave
 10093 | IceCv    | Reached skill level 10 in Dodging
 10715 | IceCv    | Noticed a frost giant
 10735 | IceCv    | Killed a frost giant
 11181 | D:15     | Noticed Azrael
 11193 | D:15     | Killed Azrael
 11307 | D:15     | Reached XP level 15. HP: 139/146 MP: 2/2
 11342 | D:15     | Found a staircase to the Depths.
 11346 | D:15     | Paralysed by a floating eye for 4 turns
 11575 | Orc:1    | Noticed an orc warlord
 11605 | Orc:1    | Killed an orc warlord
 11788 | Orc:1    | Found Ysuolout's General Store.
 11798 | Orc:1    | Noticed an orc warlord
 11851 | Orc:1    | Killed an orc warlord
 12007 | Orc:1    | Found Ibijostu's Book Emporium.
 12007 | Orc:1    | Found Men Hug's Assorted Antiques.
 12034 | Orc:1    | Bought a scroll labeled CUNNAU OWIRO for 32 gold pieces
 12034 | Orc:1    | Bought a scroll labeled KEDDIT VIMA for 32 gold pieces
 12087 | Orc:1    | Noticed an orc warlord
 12130 | Orc:1    | Killed an orc warlord
 12177 | Orc:1    | Found Saock's Antique Weapon Boutique.
 12257 | Orc:1    | Found Otwu's Armour Boutique.
 12441 | D:12     | Bought the +2 pair of gloves "Wer Qat" {rF+ Int+7} for 561
                  | gold pieces
 12441 | D:12     | Bought a +1 plate armour of fire resistance for 455 gold
                  | pieces
 12582 | Lair:1   | Entered Level 1 of the Lair of Beasts
 12829 | Lair:1   | Found an iron altar of Okawaru.
 13511 | Lair:2   | Found a hole to the Spider Nest.
 13999 | Lair:3   | Quit the game

Levels and vault maps discovered:
D:1:      lemuel_arrival_behind_the_door_large, layout_basic, st_stairs_5
D:2:      layout_rooms, marbit_many_paths, serial_co_window_serial,
          co_window_of_opportunity_a, co_window_paths_a, co_window_paths_a,
          co_window_corner_a, co_window_of_opportunity_a,
          co_window_unsneaky_path_e, co_window_paths_c, co_window_broadway_c,
          co_window_corner_b, co_window_4corner_a, glass_columns_a,
          glass_columns_a, glass_columns_a, glass_columns_a, glass_columns_c,
          first_ration, minmay_bisected, uniq_sigmund, uniq_natasha
D:3:      layout_loops_ring, chequers_ecumenical_altar_lobes, uniq_grinder
D:4:      layout_basic, minmay_temple_entry_fiery, minivault_14
D:5:      layout_loops_ring, vehumet_statue
D:6:      layout_cave_pools, lemuel_crystal_altar
D:7:      layout_basic, lemuel_crystal_altar
D:8:      layout_rooms, serial_corexii_hall, chequers_hall_statues_corner_a,
          corexii_hall_statues_x, corexii_hall_statues_u,
          chequers_hall_statues_wall_a, uniq_joseph, uniq_erica
D:9:      cheibrodos_iron_armory, layout_irregular_city,
          erik_lair_orcish_takeover
D:10:     layout_cave_pools
D:11:     minmay_the_grid_triangle_9x9_rhombus_full
          [minmay_the_grid_triangle_9x9_steps,
          minmay_the_grid_triangle_9x9_minimal,
          minmay_the_grid_triangle_9x9_zippers_horizontal,
          minmay_the_grid_triangle_9x9_warning,
          minmay_the_grid_triangle_9x9_wacky_v,
          minmay_the_grid_triangle_9x9_negative_grid,
          minmay_the_grid_triangle_9x9_stretched_checkered,
          minmay_the_grid_triangle_9x9_prize_schism], layout_basic
D:12:     layout_roguey, hiddenorc2_lemuel, serial_shops, shop, uniq_kirke
D:13:     minmay_ice_pillars, layout_long_grid, erik_vaults_2
D:14:     layout_basic, enter_trove_1, serial_park_tiny_2,
          hangedman_pestilent_swarm
D:15:     gammafunk_enter_depths_forms, layout_cave_pools, serial_ice,
          serial_ice_f, serial_ice_e, serial_ice_k, serial_ice_n, serial_ice_d,
          portal_ice_cave_entry_imps, chequers_decorated_corner, eino_curves_03,
          hangedman_decor_clover_reticule, uniq_azrael
Temple:   regret_index_temple_mists
Lair:1:   layout_chaotic_city, basic_altar, grunt_megastairs_5
Lair:2:   layout_gridlike, spider_nest_entry_rubble,
          infiniplex_staircase_pool_2, grunt_megastairs_2, serial_bayou_shore_b
Lair:3:   layout_chaotic_city, swamp_mist, gammafunk_ghost_grave,
          minmay_lair_oklob_chamber, serial_bayou_shore_b
Orc:1:    layout_diamond_mine, serial_shops, shop_fountains,
          nicolae_shop_behind_doors, shop_fountains, shop, shop,
          nooodl_orcs_dogs
Orc:2:    st_orc_open, layout_diamond_mine, basic_altar,
          nicolae_orc_crystal_geode

Skill      XL: |  1  2  3  4  5  6  7  8  9 10 11 12 13 14 15 |
---------------+----------------------------------------------+-----
Fighting       | 3 4 5 6 7 8 9 10 11 12 | 12.7
Axes           | 3 4 5 7 8 9 11 12 13 14 | 14.8
Armour         | 4 5 6 7 8 9 10 11 | 11.1
Dodging        | 2 3 4 5 6 7 8 9 10 | 10.6
Shields        | 4 5 6 7 8 9 11 12 13 | 13.0
Invocations    | 1 2 4 5 7 8 9 10 11 12 | 12.0

Action                   |  1- 3 |  4- 6 |  7- 9 | 10-12 | 13-15 || total
-------------------------+-------+-------+-------+-------+-------++-------
Melee: War axe           |    59 |    89 |       |       |       ||   148
       Hand axe          |       |       |   297 |   651 |  1534 ||  2482
Invok: Lesser Servant of |       |       |       |     4 |     9 ||    13
 Abil: Heal Wounds       |     1 |     1 |     6 |    36 |    57 ||   101
Evoke: Wand              |       |       |       |     8 |    10 ||    18
       Tremorstone       |       |       |       |     1 |       ||     1
  Use: Potion            |       |       |     1 |       |     2 ||     3
       Scroll            |       |       |       |    15 |    10 ||    25
 Stab: Distracted        |       |       |       |     2 |     4 ||     6
       Paralysed         |       |       |       |       |     2 ||     2
  Eat: Chunk             |       |       |     9 |    13 |    24 ||    46
       Ration            |       |       |       |     1 |       ||     1
Armor: Scale mail        |    26 |    19 |       |       |       ||    45
       Plate armour      |       |    27 |   127 |   328 |   509 ||   991
Dodge: Dodged            |    12 |    32 |    75 |   269 |   341 ||   729
Block: Kite shield       |    23 |    50 |   132 |   426 |    39 ||   670
       Tower shield      |       |       |       |       |  1587 ||  1587

Table legend:
 A = Non-vault XP
 B = Vault XP
 C = Vault XP percentage of total XP
 D = Non-vault monster count
 E = Vault monster count
 F = Vault count percentage of total count
                 A         B        C        D         E       F
            +---------+---------+-------+---------+---------+-------
      Total |   66931 |   57943 |  46.4 |     433 |     245 |  36.1
            +---------+---------+-------+---------+---------+-------
        D:1 |      20 |       4 |  16.7 |      10 |       2 |  16.7
        D:2 |       4 |       0 |   0.0 |       3 |       0 |   0.0
        D:3 |      18 |     272 |  93.8 |       9 |       1 |  10.0
        D:4 |     252 |       0 |   0.0 |      10 |       0 |   0.0
        D:5 |     439 |       0 |   0.0 |      15 |       0 |   0.0
        D:6 |     332 |       0 |   0.0 |       7 |       0 |   0.0
        D:7 |     810 |       0 |   0.0 |      23 |       0 |   0.0
        D:8 |     851 |    1299 |  60.4 |      12 |       2 |  14.3
        D:9 |    1246 |     624 |  33.4 |      20 |       8 |  28.6
       D:10 |    3173 |       0 |   0.0 |      27 |       0 |   0.0
       D:11 |    4069 |    5262 |  56.4 |      31 |      25 |  44.6
       D:12 |    4263 |    3623 |  45.9 |      38 |      38 |  50.0
       D:13 |    8824 |    9903 |  52.9 |      34 |      21 |  38.2
       D:14 |    8299 |     347 |   4.0 |      35 |       4 |  10.3
       D:15 |   14625 |    8172 |  35.8 |      39 |      34 |  46.6
     Lair:1 |    1913 |     472 |  19.8 |      11 |       3 |  21.4
     Lair:2 |    3392 |     315 |   8.5 |      10 |       2 |  16.7
      Orc:1 |   10984 |    1298 |  10.6 |      72 |      12 |  14.3
      Orc:2 |    3417 |   13884 |  80.2 |      27 |      37 |  57.8
      IceCv |       0 |   12468 | 100.0 |       0 |      56 | 100.0
            +---------+---------+-------+---------+---------+-------
